 Dungeon Crawl Stone Soup version 0.21.1-1-g345015f (webtiles) character file.

289 dvd the Firebug (level 6, 0/32 HPs)
             Began as a Deep Elf Fire Elementalist on July 10, 2018.
             Slain by an iguana (9 damage)
             ... on level 4 of the Dungeon.
             The game lasted 00:06:17 (3324 turns).

dvd the Firebug (Deep Elf Fire Elementalist)        Turns: 3324, Time: 00:06:17

Health: 0/32       AC:  7    Str:  5    XL:     6   Next: 9%
Magic:  2/15       EV: 12    Int: 22    God:
Gold:   170        SH:  0    Dex: 15    Spells: 7/14 levels left

rFire    . . .     SeeInvis .   m - +2 dagger (elec)
rCold    . . .     Gourm    .   (no shield)
rNeg     . . .     Faith    .   q - +3 leather armour
rPois    .         Spirit   .   (no helmet)
rElec    .         Reflect  .   (no cloak)
rCorr    +         Harm     .   (no gloves)
MR       +....                  l - +0 pair of boots
Stlth    ++........             (no amulet)
HPRegen  0.10/turn              d - ring of protection from magic
MPRegen  0.14/turn              p - ring of resist corrosion

@: very slightly contaminated
A: no striking features
a: no special abilities


You were on level 4 of the Dungeon.
You were not hungry.

You visited 1 branch of the dungeon, and saw 4 of its levels.

You collected 170 gold pieces.

Inventory:

Hand Weapons
 h - a +0 dagger
 m - a +2 dagger of electrocution (weapon)
Armour
 l - a +0 pair of boots (worn)
 q - a +3 leather armour (worn)
Jewellery
 d - a ring of protection from magic (left hand)
 p - a ring of resist corrosion (right hand)
Wands
 t - a wand of iceblast (6)
Scrolls
 e - 6 scrolls of remove curse {unknown}
 f - 3 scrolls of random uselessness {unknown}
 g - a scroll of blinking {unknown}
 i - 5 scrolls of identify {unknown}
 o - a scroll of enchant armour {unknown}
 r - 2 scrolls of enchant weapon {unknown}
 s - a scroll of teleportation {unknown}
 u - a scroll of magic mapping {unknown}
Potions
 a - a potion of flight {unknown}
 j - 3 potions of curing {unknown}
 n - a potion of degeneration {unknown}
Books
 b - a book of Flames

   Spells                             Type                      Level
   a - Flame Tongue                   Conjuration/Fire             1
   b - Throw Flame                    Conjuration/Fire             2
   c - Conjure Flame                  Conjuration/Fire             3
   d - Inner Flame                    Hexes/Fire                   3
   e - Sticky Flame                   Conjuration/Fire             4
   f - Fireball                       Conjuration/Fire             5
Comestibles
 c - 5 rations
 k - 3 chunks of flesh


   Skills:
 + Level 0.1 Fighting
 + Level 0.4 Armour
 + Level 3.0 Dodging
 - Level 2.9 Stealth
 + Level 4.7 Spellcasting
 + Level 3.4 Conjurations
 + Level 5.3 Fire Magic


You had 7 spell levels left.
You knew the following spells:

 Your Spells              Type           Power        Failure   Level  Hunger
a - Flame Tongue          Conj/Fire      ###..        2%          1    None
b - Throw Flame           Conj/Fire      ###...       4%          2    None
c - Sticky Flame          Conj/Fire      ###.....     28%         4    ####...


Dungeon Overview and Level Annotations

Branches:
Dungeon (4/15)
 Temple: D:4-7

Altars:


Message History

The flame tongue hits the iguana.
The iguana is heavily wounded.
Casting: Flame Tongue
Confirm with . or Enter, or press ? or * to list all spells.
Aiming: Flame Tongue
Press: ? - help, Shift-Dir - straight line, f/p - iguana
Aim: an iguana (heavily wounded)
The flame tongue hits the iguana.
The iguana appears unharmed.
The iguana is heavily wounded.
The iguana bites you!
* * * LOW HITPOINT WARNING * * *
Casting: Flame Tongue
Confirm with . or Enter, or press ? or * to list all spells.
Aiming: Flame Tongue
Press: ? - help, Shift-Dir - straight line, f/p - iguana
Aim: an iguana (heavily wounded)
You miscast Flame Tongue.
You are very lightly contaminated with residual magic.
Nothing appears to happen.
The iguana bites you!
You die...

#.##.# # ##.##.# #
##.#.#<....#.##.#
...[...............
###...##.)##..###.#
###. #......### #
#.........
#......### #@######
#l# #.# #.# #.# #.#
#.. #.#


You could see an iguana.

Vanquished Creatures
  An ogre (D:4)
  2 iguanas
  An orc wizard (D:3)
  6 adders
  2 oozes
  A worm (D:3)
  A dart slug (D:1)
  4 leopard geckos
  6 orcs
  3 giant cockroaches
  2 hobgoblins
  4 jackals (D:2)
  7 kobolds
  A ball python (D:2)
  5 bats
  2 frilled lizards
  4 goblins
  6 rats
58 creatures vanquished.

Notes
Turn   | Place    | Note
-------+----------+-------------------------------------------
     0 | D:1      | dvd the Deep Elf Fire Elementalist began the quest for the Orb.
     0 | D:1      | Reached XP level 1. HP: 10/10 MP: 6/6
   189 | D:1      | Reached XP level 2. HP: 15/15 MP: 4/8
   269 | D:1      | Learned a level 2 spell: Throw Flame
  1018 | D:2      | Reached skill level 4 in Fire Magic
  1064 | D:2      | Reached XP level 3. HP: 19/19 MP: 5/10
  1404 | D:2      | Reached XP level 4. HP: 24/24 MP: 6/11
  2033 | D:3      | Learned a level 4 spell: Sticky Flame
  2563 | D:3      | Reached XP level 5. HP: 28/28 MP: 5/13
  3303 | D:4      | Noticed an ogre
  3311 | D:4      | Killed an ogre
  3311 | D:4      | Reached skill level 5 in Fire Magic
  3311 | D:4      | Reached XP level 6. HP: 15/32 MP: 5/15
  3324 | D:4      | Slain by an iguana

Skill      XL: |  1  2  3  4  5 |
---------------+----------------+-----
Fire Magic     | 4 5 |  5.3
Spellcasting   | 4 |  4.7
Conjurations   | 2 3 |  3.4
Dodging        | 3 |  3.0
Fighting       | |  0.1
Armour         | |  0.4
Stealth        | |  2.9

Action                   |  1- 3 |  4- 6 || total
-------------------------+-------+-------++-------
Melee: Dagger            |     3 |     4 ||     7
 Cast: Flame Tongue      |    27 |    45 ||    72
       Throw Flame       |    14 |    23 ||    37
       Sticky Flame      |       |     1 ||     1
 Stab: Sleeping          |     1 |     1 ||     2
  Eat: Chunk             |     2 |     6 ||     8
Armor: Robe              |     3 |       ||     3
       Leather armour    |       |     3 ||     3
Dodge: Dodged            |     9 |    16 ||    25
